 Dungeon Crawl Stone Soup version 0.25-a0-589-g1e14c549ee (webtiles) character file.

Game seed: 7615237506241822731, levelgen mode: deterministic

7150 kae the Zephyrmancer (level 10, -2/68 (69) HPs)
             Began as a Grey Draconian Air Elementalist on Mar 12, 2020.
             Was a Believer of Vehumet.
             Slain by a gnoll
             ... wielding a +0 flail
              (4 damage)
             ... while petrified by a basilisk
             ... on level 10 of the Dungeon.
             The game lasted 00:16:19 (15210 turns).

kae the Zephyrmancer (DrAE)                        Turns: 15210, Time: 00:16:20

HP:   -2/68 (69)    AC: 15    Str: 13    XL:     10   Next: 86%
MP:   0/22          EV:  2    Int: 19    God:    Vehumet [**....]
Gold: 492           SH:  0    Dex: 13    Spells: 15/25 levels left

rFire    . . .     SeeInvis .   o - +2 spear "Beetle's Regret" {protect, rN++ Dex+4} (curse)
rCold    . . .     Gourm    .   (no shield)
rNeg     + + +     Faith    .   (armour unavailable)
rPois    ∞         Spirit   +   (helmet restricted)
rElec    .         Reflect  .   n - scarf {Spirit}
rCorr    .         Harm     .   l - +2 pair of gloves
MR       .....                  (no boots)
Stlth    ++........             f - amulet of the acrobat
HPRegen  0.21/turn              e - +2 ring of strength
MPRegen  0.18/turn              (no ring)

@: petrified, held
A: walk through water, unfitting armour, horns 1, clumsy 1, unbreathing,
cold-blooded, AC +12
a: Renounce Religion


You were on level 10 of the Dungeon.
You worshipped Vehumet.
Vehumet was pleased with you.
You were not hungry.

You visited 2 branches of the dungeon, and saw 11 of its levels.
You also visited: Sewer.

You collected 582 gold pieces.
You spent 90 gold pieces at shops.

Inventory:

Hand Weapons
 o - the cursed +2 spear "Beetle's Regret" (weapon) {protect, rN++ Dex+4}
   (You took it off an orc on level 4 of the Dungeon)

   It grants its wielder temporary protection when it strikes (+7 to AC).
   It affects your dexterity (+4).
   It greatly protects you from negative energy.
   It has a curse placed upon it.
Armour
 l - a +2 pair of gloves (worn)
 n - a scarf of spirit shield (worn)
Jewellery
 e - a +2 ring of strength (left hand)
 f - an amulet of the acrobat (around neck)
 v - an uncursed amulet of faith
Wands
 a - a wand of paralysis (6)
 m - a wand of flame (39)
 r - a wand of random effects (18)
 t - a wand of disintegration (7)
 w - a wand of enslavement (9)
Scrolls
 c - 6 scrolls of remove curse
 h - 3 scrolls of teleportation
 i - 5 scrolls of blinking
 j - 4 scrolls of identify
 k - 2 scrolls of magic mapping
 s - a scroll of amnesia
Potions
 d - a potion of ambrosia
 g - a potion of haste
 p - a potion of berserk rage
 q - 2 potions of brilliance
 u - a potion of cancellation
Comestibles
 b - 21 rations


   Skills:
 - Level 1.7 Dodging
 - Level 1.7 Stealth
 + Level 8.0 Spellcasting
 + Level 8.4 Conjurations
 * Level 10.3 Air Magic


You had 15 spell levels left.
You knew the following spells:

 Your Spells              Type           Power        Failure   Level  Hunger
a - Shock                 Conj/Air       ####         1%          1    None
b - Static Discharge      Conj/Air       #####...     1%          3    None
c - Swiftness             Chrm/Air       ####....     1%          2    None
d - Airstrike             Air            #####.....   1%          4    ###....

Your spell library contained the following spells:

 Spells                   Type           Power        Failure   Level  Hunger
 Searing Ray              Conj           #####.       1%          2    None
 Magic Dart               Conj           ####         1%          1    None
 Mephitic Cloud           Conj/Pois/Air  ####....     1%          3    None
 Conjure Flame            Conj/Fire      ###.....     4%          3    None
 Dazzling Flash           Conj/Hex       ###...       4%          3    None
 Lightning Bolt           Conj/Air       #####.....   5%          5    #####..
 Corona                   Hex            #......      9%          1    None
 Summon Small Mammal      Summ           #...         9%          1    None
 Summon Lightning Spire   Summ/Air       ####....     11%         4    ###....
 Blink                    Tloc           N/A          14%         2    None
 Call Imp                 Summ           #.......     14%         2    None
 Ensorcelled Hibernation  Hex/Ice        #.....       14%         2    None
 Slow                     Hex            #.......     14%         2    None
 Call Canine Familiar     Summ           #.......     26%         3    None
 Confusing Touch          Hex            #.......     26%         3    None
 Summon Guardian Golem    Hex/Summ       #.......     26%         3    None
 Tukima's Dance           Hex            #.......     26%         3    None
 Summon Ice Beast         Ice/Summ       #.......     65%         4    ###....


Dungeon Overview and Level Annotations

Branches:
Dungeon (10/15)            Temple (1/1) D:7           Sewer (visited)
   Lair: D:8-11         Orc: D:9-12

Altars:
Ashenzari
Cheibriados
Dithmenos
Elyvilon
Fedhas
Gozag
Hepliaklqana
Kikubaaqudgha
Makhleb
Nemelex Xobeh
Okawaru
Qazlal
Ru
Sif Muna
Trog
Uskayaw
Vehumet
Wu Jian
Xom
Yredelemnul
Zin
The Shining One

Shops:
D:4 ?

Annotations:
D:7 Pikel


Innate Abilities, Weirdness & Mutations

You can walk through water.
Your dull iron-grey scales are very hard. (AC +12)
You cannot fit into any form of body armour.
You can survive without breathing.
You are cold-blooded and may be slowed by cold attacks.
You have a pair of small horns on your head.
You are clumsy. (Dex -2)


Message History

* * * LOW HITPOINT WARNING * * *
The gnoll sergeant hits you but does no damage.
The basilisk bites you!
* * * LOW HITPOINT WARNING * * *
The gnoll hits you but does no damage. x2
The gnoll hits you with a +0 flail.
* * * LOW HITPOINT WARNING * * *
The basilisk bites you!
* * * LOW HITPOINT WARNING * * *
The gnoll sergeant hits you from afar with a cursed +0 trident.
* * * LOW HITPOINT WARNING * * *
The gnoll hits you with a +0 flail.
* * * LOW HITPOINT WARNING * * *
The gnoll hits you from afar with a +0 spear.
The basilisk bites you!
* * * LOW HITPOINT WARNING * * *
The gnoll sergeant hits you but does no damage.
The gnoll completely misses you. x2; The gnoll hits you but does no damage.
The gnoll hits you with a +0 flail!
You die...

..#
####.._..#....##
..# +.
###.#.#....[.
..#
#..#.....#......
..#
#..###.###......
..#
+...............
.(#
#.....#.).......
..#
#.....#.).......
..#
#......)gg......
#....))@lg......
#.......gg......
#...............
###########+#..#
... . P.#....
.......


You could see a basilisk, a gnoll sergeant and 4 gnolls.

Vanquished Creatures
  An unseen horror (D:7)
  A centaur skeleton (D:10)
  2 hornets (D:9)
  A troll (D:9)
  Grinder (D:5)
  A hippogriff (D:10)
  Sigmund (D:2)
  2 hungry ghosts
  3 water moccasins
  Duvessa (D:4)
  2 ice beasts
  4 slaves (D:7)
  2 black bears
  An orc warrior (D:8)
  4 phantoms
  A necrophage (D:9)
  6 sky beasts
  2 ogres
  A crocodile (D:10)
  A centaur (D:10)
  4 bullfrogs
  A big kobold (D:7)
  2 gnoll sergeants (D:9)
  A water moccasin zombie (D:5)
  Dowan (D:4)
  3 scorpions
  3 killer bees (D:10)
  7 howler monkeys
  2 crimson imps
  2 bullfrog zombies
  6 jellies
  9 hounds
  10 orc wizards
  An orc priest (D:3)
  2 bullfrog skeletons
  An iron imp (D:5)
  An iguana (D:10)
  Ijyb (D:3)
  6 worker ants
  A killer bee zombie (D:5)
  2 hound zombies
  A hound skeleton (D:5)
  A worker ant zombie (D:5)
  13 gnolls
  A howler monkey skeleton (D:7)
  3 howler monkey zombies
  7 adders
  8 oozes
  2 adder skeletons
  5 adder zombies
  5 worms
  3 dart slugs
  2 leopard geckos
  35 orcs
  10 ball pythons
  7 bats
  12 giant cockroaches
  8 goblins
  7 hobgoblins
  4 jackals (D:6)
  5 quokkas
  10 frilled lizards
  3 goblin skeletons (D:5)
  3 goblin zombies (D:5)
  A hobgoblin zombie (D:5)
  13 kobolds
  A kobold skeleton (D:5)
  2 leopard gecko skeletons
  2 orc skeletons (D:5)
  An orc zombie (D:5)
  2 quokka skeletons (D:5)
  2 quokka zombies (D:5)
  12 rats
295 creatures vanquished.

Notes
Turn   | Place    | Note
-------+----------+-------------------------------------------
     0 | D:1      | kae the Draconian Air Elementalist began the quest for the
                  | Orb.
     0 | D:1      | Reached XP level 1. HP: 14/14 MP: 3/3
   224 | D:1      | Reached XP level 2. HP: 15/20 MP: 5/5
  1078 | D:1      | Reached XP level 3. HP: 19/26 MP: 2/6
  1173 | D:1      | Learned a level 3 spell: Static Discharge
  1176 | D:1      | Learned a level 2 spell: Swiftness
  1416 | D:2      | Noticed Sigmund
  1423 | D:2      | Gained mutation: You are clumsy. (Dex -2) [potion of
                  | mutation]
  1423 | D:2      | Gained mutation: You have a pair of small horns on your
                  | head. [potion of mutation]
  1430 | D:2      | Killed Sigmund
  1430 | D:2      | Reached skill level 4 in Air Magic
  1430 | D:2      | Reached XP level 4. HP: 16/33 MP: 1/8
  1430 | D:2      | Reached XP level 5. HP: 18/38 MP: 1/9
  1838 | D:2      | Found a bloodstained altar of Trog.
  2076 | D:2      | Reached skill level 5 in Air Magic
  2536 | D:3      | Reached XP level 6. HP: 27/45 MP: 1/11
  2962 | D:3      | Noticed Ijyb
  2970 | D:3      | Killed Ijyb
  3993 | D:4      | Noticed Dowan
  4040 | D:4      | Found a glowing drain.
  4076 | D:4      | Reached skill level 6 in Air Magic
  4130 | D:4      | Your scales start taking on a dull iron-grey colour.
  4130 | D:4      | Reduced skill Air Magic to level 5
  4130 | D:4      | Reached XP level 7. HP: 50/50 MP: 8/12
  4130 | D:4      | Gained mutation: You can survive without breathing. [Grey
                  | Draconian growth]
  4236 | D:4      | Noticed Duvessa
  4339 | D:4      | Found a sparkling altar of Nemelex Xobeh.
  4522 | D:4      | Identified the cursed +2 spear "Beetle's Regret" {protect,
                  | rN++ Dex+4}
  4549 | D:4      | Found Roumul's Magic Scroll Shoppe.
  4570 | Sewer    | Entered a sewer
  5096 | D:4      | Killed Duvessa
  5103 | D:4      | Killed Dowan
  5239 | D:4      | Bought a scroll of identify for 24 gold pieces
  5239 | D:4      | Bought a scroll of identify for 24 gold pieces
  5239 | D:4      | Bought a scroll of magic mapping for 42 gold pieces
  5299 | D:4      | Reached skill level 6 in Air Magic
  5299 | D:4      | Reached XP level 8. HP: 56/57 MP: 10/14
  5380 | D:5      | Entered Level 5 of the Dungeon
  5464 | D:5      | Found a glowing golden altar of the Shining One.
  5949 | D:5      | Reached skill level 5 in Conjurations
  6076 | D:5      | Noticed Grinder
  6093 | D:5      | Killed Grinder
  6093 | D:5      | Reached skill level 5 in Spellcasting
  6171 | D:5      | Learned a level 4 spell: Airstrike
  6497 | D:5      | Reached skill level 7 in Air Magic
  7120 | D:6      | Reached XP level 9. HP: 50/62 MP: 17/17
  7429 | D:6      | Found a blossoming altar of Fedhas.
  8082 | D:7      | Noticed Pikel
  8411 | D:7      | Reached skill level 8 in Air Magic
  8436 | D:7      | Paralysed by an orc for 2 turns
  8752 | D:7      | Found a shimmering altar of Xom.
  8840 | D:7      | Found a staircase to the Ecumenical Temple.
  8889 | Temple   | Entered the Ecumenical Temple
  9003 | Temple   | Became a worshipper of Vehumet
  9648 | D:7      | Killed an unseen horror
 10521 | D:8      | Reached skill level 9 in Air Magic
 10521 | D:8      | Reached XP level 10. HP: 69/69 MP: 11/20
 11017 | D:9      | Reached * piety under Vehumet
 11017 | D:9      | Offered knowledge of Magic Dart by Vehumet.
 11451 | D:9      | Noticed a +0 hand axe
 11451 | D:9      | Noticed a +0 dagger
 11452 | D:9      | Found a hide-covered altar of Uskayaw.
 12381 | D:9      | Found an ancient bone altar of Kikubaaqudgha.
 13273 | D:10     | Entered Level 10 of the Dungeon
 13327 | D:10     | Noticed a death yak
 14166 | D:9      | Found a hide-covered altar of Uskayaw.
 14483 | D:10     | Reached skill level 10 in Air Magic
 14908 | D:10     | Reached ** piety under Vehumet
 14908 | D:10     | Offered knowledge of Searing Ray by Vehumet.
 15077 | D:10     | Found an opulent altar of Gozag.
 15210 | D:10     | HP: 2/68 [basilisk (4)]
 15210 | D:10     | Slain by a gnoll

Levels and vault maps discovered:
D:1:      minmay_arrival_four_loops, layout_basic, serial_glass,
          glass_columns_b, glass_columns_c, item_on_display_a,
          due_unseen_surprise, item_on_display_a, minmay_strange_pillars
D:2:      layout_loops_ring, bloody_trog, uniq_sigmund
D:3:      layout_loops_ring, first_ration, kennysheep_crisscross,
          dk_noncrumbling_4, guppyfry_early_orc_mine, uniq_ijyb
D:4:      black_bear_nest_2, layout_loops_cross,
          nemelex_xobeh_ov_fountains_minmay, portal_sewer_entry_c, serial_shops,
          kennysheep_mini, uniq_duvessa
D:5:      layout_basic, nicolae_tso_besieged_by_evil, serial_undead,
          serial_undead_e, serial_undead_d, serial_undead_b, serial_undead_b,
          serial_undead_a, serial_undead_f, chequers_decorated_corner,
          minivault_14, uniq_grinder
D:6:      layout_basic, basic_altar
D:7:      layout_basic, tgw_xom, minmay_temple_entry_drinking_statues,
          uniq_pikel
D:8:      layout_loops_ring, hangedman_little_slice_of_home
D:9:      layout_stronghold, dancing_weapons_uskayaw, kennysheep_mini_moat
D:10:     layout_grid_maze, david_lair_generic,
          nicolae_gozag_cash_rules_everything_around_me
Temple:   compressed_dpeg_circular_temple

Skill      XL: |  1  2  3  4  5  6  7  8  9 10 |
---------------+-------------------------------+-----
Spellcasting   | 3 4 5 6 8 |  8.0
Conjurations   | 2 3 4 5 7 8 |  8.4
Air Magic      | 4 5 5 6 7 9 10 | 10.3
Dodging        | |  1.7
Stealth        | |  1.7

Action                   |  1- 3 |  4- 6 |  7- 9 | 10-12 || total
-------------------------+-------+-------+-------+-------++-------
Melee: Whip              |    89 |   115 |    32 |       ||   236
       Tailslap          |    10 |    15 |    66 |    20 ||   111
       Unarmed           |     4 |       |       |       ||     4
       Headbutt          |     1 |    22 |    96 |    23 ||   142
       Spear             |       |       |   581 |   154 ||   735
 Cast: Shock             |    22 |    59 |    67 |    59 ||   207
       Static Discharge  |       |    10 |    45 |    38 ||    93
       Airstrike         |       |       |    20 |    30 ||    50
       Swiftness         |       |       |     1 |     3 ||     4
Evoke: Wand              |       |       |     3 |       ||     3
  Use: Potion            |     4 |     1 |     3 |     1 ||     9
       Scroll            |       |     6 |     9 |     5 ||    20
 Stab: Sleeping          |     1 |     5 |     5 |     5 ||    16
       Invisible         |     1 |       |       |       ||     1
       Distracted        |       |       |     1 |       ||     1
  Eat: Chunk             |     1 |    10 |    21 |       ||    32
       Ration            |       |       |     2 |     7 ||     9
Armor: Skin              |    23 |    58 |   375 |   150 ||   606
Dodge: Dodged            |    79 |    98 |   447 |   200 ||   824

Table legend:
 A = Non-vault XP
 B = Vault XP
 C = Vault XP percentage of total XP
 D = Non-vault monster count
 E = Vault monster count
 F = Vault count percentage of total count
                 A         B        C        D         E       F
            +---------+---------+-------+---------+---------+-------
      Total |    8427 |    1788 |  17.5 |     222 |      69 |  23.7
            +---------+---------+-------+---------+---------+-------
        D:1 |      53 |       0 |   0.0 |      28 |       0 |   0.0
        D:2 |      28 |     220 |  88.7 |      17 |       1 |   5.6
        D:3 |     344 |      51 |  12.9 |      27 |       8 |  22.9
        D:4 |     266 |     358 |  57.4 |      16 |       7 |  30.4
        D:5 |     635 |     499 |  44.0 |      20 |      24 |  54.5
        D:6 |     583 |       0 |   0.0 |      14 |       0 |   0.0
        D:7 |    1671 |       9 |   0.5 |      22 |       3 |  12.0
        D:8 |    1069 |     162 |  13.2 |      20 |       8 |  28.6
        D:9 |    2344 |       0 |   0.0 |      36 |       0 |   0.0
       D:10 |    1434 |     352 |  19.7 |      22 |       2 |   8.3
      Sewer |       0 |     137 | 100.0 |       0 |      16 | 100.0
            +---------+---------+-------+---------+---------+-------
